 Dungeon Crawl Stone Soup version 0.26.1-11-gd32895ea62 (webtiles) character file.

Game seed: 13034476139710333651

13036 dtburroughs the Fighter (level 11, -3/101 HPs)
             Began as a Minotaur Berserker on June 12, 2021.
             Was an Elder of Trog.
             Killed from afar by an oklob plant (9 damage)
             ... with a splash of acid
             ... on level 2 of the Lair of Beasts.
             The game lasted 00:28:01 (15081 turns).

dtburroughs the Fighter (Minotaur Berserker)       Turns: 15081, Time: 00:28:01

Health: -3/101     AC:  8    Str: 21 (23) XL:     11   Next: 70%
Magic:  10/10      EV:  8    Int:  5 (7)  God:    Trog [****..]
Gold:   440        SH: 16    Dex:  6 (9)  Spells: 10/10 levels left

rFire    . . .     SeeInvis .   Q - +2 morningstar (drain)
rCold    . . .     Faith    .   g - +0 kite shield
rNeg     . . .     Spirit   .   M - +0 plate armour {rPois}
rPois    +         Reflect  +   E - +2 hat
rElec    .         Harm     .   (no cloak)
rCorr    .         Rampage  .   (no gloves)
Will     ++...                  (no boots)
Stlth    ..........             A - amulet of reflection
HPRegen  1.26/turn              (no ring)
MPRegen  0.12/turn              (no ring)

@: corroded, regenerating
A: retaliatory headbutt, horns 2
a: Renounce Religion, Berserk, Trog's Hand, Brothers in Arms


You were on level 2 of the Lair of Beasts.
You worshipped Trog.
Trog was greatly pleased with you.
You visited 2 branches of the dungeon, and saw 10 of its levels.
You also visited: Sewer.

You collected 629 gold pieces.
You spent 189 gold pieces at shops.

Inventory:

Hand Weapons
 a - a +0 hand axe
 l - a +0 war axe
 Q - a +2 morningstar of draining (weapon)
 R - a +0 battleaxe
Missiles
 c - 2 silver boomerangs
Armour
 g - a +0 kite shield (worn)
 E - a +2 hat (worn)
 M - a +0 plate armour of poison resistance (worn)
Jewellery
 A - an amulet of reflection (around neck)
 F - an uncursed amulet of the acrobat
 I - an uncursed ring of fire
 J - a +4 ring of evasion
 O - an uncursed ring of ice
Wands
 j - a wand of flame (5)
 t - a wand of polymorph (8)
 D - a wand of acid (3)
 H - a wand of iceblast (25)
 L - a wand of digging (6)
 N - a wand of disintegration (8)
Scrolls
 b - 14 scrolls of remove curse
 f - 3 scrolls of immolation {unknown}
 k - 9 scrolls of identify
 o - 2 scrolls of fear {unknown}
 q - a scroll of random uselessness {unknown}
 r - 2 scrolls of enchant armour {unknown}
 u - 2 scrolls of blinking {unknown}
 x - 3 scrolls of enchant weapon {unknown}
 y - 2 scrolls of amnesia {unknown}
 B - 2 scrolls of holy word {unknown}
 C - 2 scrolls of magic mapping {unknown}
 G - 3 scrolls of teleportation {unknown}
Potions
 d - a potion of mutation {unknown}
 e - 2 potions of heal wounds {unknown}
 h - a potion of might {unknown}
 i - 3 potions of degeneration
 m - 4 potions of curing {unknown}
 n - a potion of ambrosia {unknown}
 p - a potion of brilliance {unknown}
 s - 4 potions of invisibility {unknown}
 v - 2 potions of lignification {unknown}
 w - 2 potions of flight {unknown}
 z - 2 potions of resistance {unknown}
 K - a potion of cancellation {unknown}
 P - a potion of attraction {unknown}


   Skills:
 + Level 10.7 Fighting
 + Level 10.7 Axes
 + Level 10.4 Armour
 + Level 9.6 Dodging
 + Level 10.0 Shields


You had 10 spell levels left.
You didn't know any spells.
Your spell library was empty.

Dungeon Overview and Level Annotations

Branches:
Dungeon (8/15)             Temple (0/1) D:7            Lair (2/6) D:8
  Snake (0/4) Lair:2        Sewer (visited)
  Swamp: Lair:2-4    Shoals: Lair:2-4

Altars:
Cheibriados
Fedhas
Trog
Yredelemnul
Zin

Shops:
D:6 :*=(:

Annotations:
Lair:2 exclusion: oklob plant


Innate Abilities, Weirdness & Mutations

You reflexively headbutt those who attack you in melee.
You have a pair of horns on your head.


Message History

The oklob plant is heavily damaged.
You hit the oklob plant but do no damage.
You headbutt the oklob plant, but do no damage.
The oklob plant is moderately damaged.
The oklob plant spits acid at you. The splash of acid hits you!
* * * LOW HITPOINT WARNING * * *
You are splashed with acid!
* * * LOW HITPOINT WARNING * * *
The oklob plant spits acid at you. The splash of acid hits you.
* * * LOW HITPOINT WARNING * * *
You are splashed with acid.
* * * LOW HITPOINT WARNING * * *
It was a potion of degeneration.
There was something very wrong with that liquid.
You feel weakened.
You feel dopey.
You feel clumsy. The oklob plant spits acid at you.
The splash of acid hits you!
You die...

##........#........
#.................
##.........##...##
#....P.......####
#......####.####
#.....##P♣...≈.##
#.....#≈≈≈P.≈P≈.#
#####....#♣≈♣♣.♣♣.≈#
#$$@.....#P.♣...♣≈≈#
#$P$P.........>.....
#.?$P....#≈.♣...♣.≈#
#####...P#≈≈♣♣.♣♣P≈#
#......#≈P...PP≈.#
##......##≈.....≈##
#P.......####)####.
##...........).##..
##................


You could see an oklob plant.

Vanquished Creatures
  A hydra (Lair:2)
  A two-headed ogre (D:8)
  An oklob plant (Lair:2)
  Joseph (D:8)
  A black mamba (Lair:2)
  7 cane toads (Lair:1)
  A rime drake (Lair:1)
  3 komodo dragons
  8 blink frogs
  2 wyverns (D:8)
  2 basilisks (Lair:2)
  2 nagas (Lair:2)
  Duvessa (D:6)
  8 water moccasins
  A sky beast (D:6)
  2 black bears
  An ice beast (D:7)
  Purgy (Sewer)
  An eye of draining (D:8)
  2 ogres
  5 wolves (Lair:2)
  3 centaurs
  15 bullfrogs
  Dowan (D:6)
  A water moccasin zombie (D:5)
  3 scorpions (D:8)
  5 wights (D:7)
  4 howler monkeys
  A bullfrog zombie (D:6)
  2 jellies
  A centaur skeleton (D:8)
  A bullfrog skeleton (D:8)
  2 iguanas
  3 orc wizards
  6 worker ants
  11 adders
  8 gnolls
  A shadow imp (D:7)
  8 white imps
  2 ufetubi
  An adder zombie (D:5)
  An adder skeleton (D:6)
  2 worms
  3 dart slugs
  A leopard gecko (D:2)
  22 orcs
  9 giant cockroaches
  9 hobgoblins
  3 jackals (D:7)
  3 quokkas
  6 bats
  A frilled lizard (D:1)
  7 goblins
  A jackal skeleton (D:4)
  7 kobolds
  A leopard gecko skeleton (D:6)
  A leopard gecko zombie (D:6)
  A quokka skeleton (D:5)
  6 rats
215 creatures vanquished.

Vanquished Creatures (collateral kills)
  A komodo dragon (D:8)
  An acid dragon (D:8)
2 creatures vanquished.

Vanquished Creatures (others)
  Fannar (Lair:1)
  6 fungi
  7 plants (Lair:2)
14 creatures vanquished.

Grand Total: 231 creatures vanquished

Notes
Turn   | Place    | Note
-------+----------+-------------------------------------------
     0 | D:1      | dtburroughs the Minotaur Berserker began the quest for the
                  | Orb.
     0 | D:1      | Reached XP level 1. HP: 19/19 MP: 0/0
   470 | D:1      | Reached XP level 2. HP: 17/27 MP: 1/1
  1136 | D:2      | Reached skill level 1 in Shields
  1241 | D:2      | Found a faded altar of an unknown god.
  1402 | D:2      | Reached XP level 3. HP: 29/33 MP: 2/2
  1813 | D:3      | Reached ** piety under Trog
  2073 | D:3      | Noticed a centaur
  2082 | D:3      | Killed a centaur
  2083 | D:3      | Reached XP level 4. HP: 18/41 MP: 3/3
  2275 | D:3      | Reached XP level 5. HP: 47/47 MP: 4/4
  3571 | D:4      | Found a glowing drain.
  3603 | Sewer    | Entered a sewer
  3714 | Sewer    | Noticed Purgy
  3722 | Sewer    | Killed Purgy
  3723 | Sewer    | Reached skill level 5 in Fighting
  3723 | Sewer    | Reached XP level 6. HP: 49/56 MP: 5/5
  3964 | D:4      | Reached skill level 5 in Axes
  3970 | D:4      | You fall into a shaft and drop 3 floors!
  4151 | D:7      | Reached XP level 7. HP: 47/61 MP: 6/6
  4332 | D:6      | Found Ebiob's Book Boutique.
  4385 | D:6      | Noticed Dowan
  4396 | D:6      | Noticed Duvessa
  4418 | D:6      | Killed Duvessa
  4422 | D:6      | Killed Dowan
  4423 | D:6      | Reached skill level 5 in Armour
  4580 | D:6      | Found Kitogat's Jewellery Shoppe.
  4599 | D:5      | Entered Level 5 of the Dungeon
  4635 | D:5      | Reached *** piety under Trog
  5295 | D:5      | Reached XP level 8. HP: 44/70 MP: 7/7
  5411 | D:5      | Reached skill level 5 in Dodging
  5689 | D:5      | Found a snail-covered altar of Cheibriados.
  6079 | D:6      | Reached skill level 5 in Shields
  6421 | D:6      | Found Beduang's Antique Weapon Shop.
  6476 | D:6      | Found Tuhov's General Store.
  6692 | D:6      | Found Zozxelupt's Book Shop.
  7351 | D:7      | Reached **** piety under Trog
  7359 | D:7      | Reached XP level 9. HP: 76/79 MP: 8/8
  7610 | D:7      | Found a staircase to the Ecumenical Temple.
  7796 | D:7      | Found a bloodstained altar of Trog.
  7799 | D:7      | Found a basalt altar of Yredelemnul.
  8582 | D:8      | Found a glowing silver altar of Zin.
  8582 | D:8      | Noticed Joseph
  8600 | D:8      | Killed Joseph
  8603 | D:8      | Found a snail-covered altar of Cheibriados.
  8814 | D:8      | Noticed a two-headed ogre
  8836 | D:8      | Killed a two-headed ogre
  9114 | D:8      | Reached XP level 10. HP: 84/90 MP: 9/9
  9477 | D:8      | Found a blossoming altar of Fedhas.
  9827 | D:8      | Found a staircase to the Lair.
 10311 | Lair:1   | Entered Level 1 of the Lair of Beasts
 10320 | Lair:1   | Noticed a cane toad
 10331 | Lair:1   | Noticed a cane toad
 10332 | Lair:1   | Killed a cane toad
 10347 | Lair:1   | Killed a cane toad
 10773 | Lair:1   | Noticed a cane toad
 10783 | Lair:1   | Killed a cane toad
 11300 | Lair:1   | Noticed a cane toad
 11312 | Lair:1   | Killed a cane toad
 11379 | Lair:1   | Noticed a cane toad
 11388 | Lair:1   | Killed a cane toad
 11468 | Lair:1   | Noticed a cane toad
 11485 | Lair:1   | Killed a cane toad
 11824 | Lair:1   | Reached XP level 11. HP: 87/99 MP: 10/10
 12170 | Lair:1   | Reached skill level 10 in Fighting
 12317 | Lair:1   | Reached skill level 10 in Axes
 12364 | Lair:1   | Noticed Fannar
 12710 | Lair:1   | Killed Fannar
 13495 | Lair:2   | Reached skill level 10 in Armour
 13573 | Lair:2   | Noticed an oklob plant
 13583 | Lair:2   | Found a staircase to the Snake Pit.
 13897 | Lair:2   | Noticed a six-headed hydra
 14079 | D:6      | Bought a runed morningstar for 189 gold pieces
 14736 | Lair:2   | Killed a six-headed hydra
 14756 | Lair:2   | Reached skill level 10 in Shields
 14990 | Lair:2   | Noticed an oklob plant
 15002 | Lair:2   | Killed an oklob plant
 15080 | Lair:2   | HP: 5/101 [acid (5)]
 15081 | Lair:2   | Killed from afar by an oklob plant

Illustrated notes

Levels and vault maps discovered:
D:1:      mrwooster_arrival_statue, layout_basic
D:2:      layout_basic, chequers_ecumenical_altar_lobes
D:3:      layout_basic
D:4:      layout_basic, portal_sewer_entry_d, chequers_serial_rivers_small_a
D:5:      layout_loops_corners, cheibriados_altar_1
D:6:      layout_cave_pods, serial_shops, shop, shop, shop, shop, shop,
          uniq_duvessa
D:7:      layout_loops_ring, chequers_temple_overflow_statue_of_worship,
          temple_hall, enter_bailey_4, kennysheep_generic_room_12
D:8:      layout_loops_ring, gammafunk_temple_overflow_pools, erik_lair_dragon,
          basic_altar, kb_lookout_dungeons_type, uniq_joseph
Lair:1:   layout_cave_pods, st_stairs_12, patterned_corridor, uniq_fannar
Lair:2:   layout_gridlike, guppyfry_snake_entry_garden, lemuel_fruit_tree,
          grunt_megastairs_4, minmay_lair_oklob_chamber

Skill      XL: |  1  2  3  4  5  6  7  8  9 10 11 |
---------------+----------------------------------+-----
Shields        | 1 2 3 4 6 7 9 10 | 10.0
Axes           | 4 5 6 7 8 9 10 | 10.7
Fighting       | 4 5 6 7 8 9 10 | 10.7
Armour         | 3 4 5 6 8 9 10 | 10.4
Dodging        | 3 4 6 7 8 9 |  9.6

Action                   |  1- 3 |  4- 6 |  7- 9 | 10-12 || total
-------------------------+-------+-------+-------+-------++-------
Melee: Hand axe          |    40 |       |       |       ||    40
       Headbutt          |     8 |    17 |    56 |    61 ||   142
       War axe           |    27 |   127 |   323 |   314 ||   791
       Morningstar       |       |       |       |    40 ||    40
Invok: Trog's Hand       |       |     1 |     1 |     4 ||     6
       Berserk           |       |       |     1 |       ||     1
       Brothers in Arms  |       |       |       |     1 ||     1
Evoke: Wand              |       |       |       |    15 ||    15
  Use: Scroll            |       |     2 |     1 |       ||     3
       Potion            |       |       |       |     1 ||     1
Armor: Leather armour    |     7 |       |       |       ||     7
       Animal skin       |     2 |       |       |       ||     2
       Chain mail        |    29 |    72 |   119 |       ||   220
       Plate armour      |       |       |    15 |   123 ||   138
Dodge: Dodged            |    47 |    45 |    80 |    97 ||   269
Block: Buckler           |    12 |     7 |       |       ||    19
       Kite shield       |       |    51 |   259 |   307 ||   617
       Reflection        |       |       |    14 |     4 ||    18
